 Dungeon Crawl Stone Soup version 0.29.1-15-g9cfb28693d (webtiles) character file.

Game seed: 15091976331932259804

20 Eitelfritz the Trooper (level 2, 0/27 HPs)
             Began as a Hill Orc Fighter on Mar 19, 2023.
             Frozen to death by an endoplasm (4 damage)
             ... on level 2 of the Dungeon.
             The game lasted 00:01:19 (1190 turns).

Eitelfritz the Trooper (Hill Orc Fighter)           Turns: 1190, Time: 00:01:19

Health: 0/27       AC:  6    Str: 18    XL:     2   Next: 79%
Magic:  2/2        EV:  9    Int:  8    God:
Gold:   63         SH:  4    Dex: 10    Spells: 1/1 levels left

rFire   . . .      SeeInvis .   a - +0 war axe
rCold   . . .      Faith    .   c - +0 buckler
rNeg    . . .      Spirit   .   b - +0 scale mail
rPois   .          Reflect  .   (no helmet)
rElec   .          Harm     .   (no cloak)
rCorr   .          Rampage  .   (no gloves)
Will    .....                   (no boots)
Stlth   ..........              (no amulet)
HPRegen 0.09/turn               (no ring)
MPRegen 0.08/turn               (no ring)

@: no status effects
A: no striking features
a: no special abilities


You were on level 2 of the Dungeon.
You visited 1 branch of the dungeon, and saw 2 of its levels.

You collected 63 gold pieces.

Inventory:

Hand Weapons
 a - a +0 war axe (weapon)
Armour
 b - a +0 scale mail (worn)
 c - a +0 buckler (worn)
Scrolls
 e - a scroll of brand weapon {unknown}
 g - 2 scrolls of fear {unknown}
 k - a scroll of torment {unknown}
 m - a scroll of identify {unknown}
Potions
 d - a potion of might
 f - 2 potions of magic {unknown}
 h - a potion of brilliance {unknown}
 i - a potion of ambrosia {unknown}
 j - a potion of cancellation {unknown}
 l - a potion of attraction {unknown}


   Skills:
 + Level 4.0 Fighting
 + Level 3.1 Axes
 + Level 3.6 Armour
 + Level 3.5 Shields


You had one spell level left.
You didn't know any spells.
Your spell library was empty.

Dungeon Overview and Level Annotations

Branches:
Dungeon (2/15)

Altars:

Annotations:
D:2 Jessica


Message History

Jessica blinks!
A rat comes into view.
Found a leather armour.
You closely miss Jessica.
Jessica gestures wildly.
Jessica completely misses you.
You hit Jessica.
Jessica is heavily wounded.
Jessica barely misses you.
Jessica casts a spell.
Jessica blinks!
An endoplasm comes into view.
The endoplasm quivers.
Jessica gestures at you while chanting. Pain shoots through your body!
The rat barely misses you.
A kobold comes into view. It is wielding a +0 dagger.
The kobold shouts!
A goblin comes into view. It is wielding a +0 club.
The rat bites you but does no damage. The rat attacks as you move away!
The rat bites you but does no damage.
A quokka comes into view.
The rat attacks as you move away! The rat bites you but does no damage.
Jessica hits you with a +0 dagger.
The kobold throws a stone.
You block the stone. Jessica gestures at you while chanting.
Pain shoots through your body! The endoplasm freezes you.
You are frozen.
* * * LOW HITPOINT WARNING * * *
The kobold throws a stone.
The stone barely misses you.
You hit the endoplasm.
The endoplasm is heavily wounded.
You hit the rat.
You kill the rat!
Jessica gestures at you while chanting. You resist with some effort.
The kobold throws a stone.
The stone hits you but does no damage. The endoplasm freezes you.
You are frozen.
You die...

.. ... . .... . ....# .#
....K######.# ##
....g.[.....##..
#..r.@..........
#...J.......##>.
#.....@....#....
##....................
#.....................#
#.........../.........#
#........!............#
#............>.........
.......................#


You could see Jessica, an endoplasm, a quokka, a goblin and a kobold.

Vanquished Creatures
  A dart slug (D:1)
  An endoplasm (D:2)
  A giant cockroach (D:1)
  A goblin (D:1)
  2 quokkas
  2 ball pythons (D:1)
  4 bats (D:1)
  2 kobolds (D:1)
  5 rats
19 creatures vanquished.

Notes
Turn   | Place    | Note
-------+----------+-------------------------------------------
     0 | D:1      | Eitelfritz the Hill Orc Fighter began the quest for the
                  | Orb.
     0 | D:1      | Reached XP level 1. HP: 19/19 MP: 1/1
   528 | D:1      | Reached XP level 2. HP: 25/27 MP: 2/2
   789 | D:1      | Reached skill level 4 in Fighting
  1178 | D:2      | Noticed Jessica
  1190 | D:2      | Frozen to death by an endoplasm

Illustrated notes

Levels and vault maps discovered:
D:1:      dpeg_arrival_tiny_a, layout_loops_corners
D:2:      layout_rooms, uniq_jessica

Skill      XL: |  1  2 |
---------------+-------+-----
Axes           | 3 |  3.1
Fighting       | 4 |  4.0
Armour         | |  3.6
Shields        | |  3.5

Action                   || total
-------------------------++-------
Melee: War axe           ||    56
Armor: Scale mail        ||    32
Dodge: Dodged            ||    28
Block: Buckler           ||    12
